 Dungeon Crawl Stone Soup version 0.18-a0-1164-g7046a04 (webtiles) character file.

96 poirepourri the Gusty (level 4, -2/24 HPs)
             Began as a Tengu Air Elementalist on Jan 25, 2016.
             Slain by a worm (10 damage)
             ... on level 3 of the Dungeon.
             The game lasted 00:05:00 (3069 turns).

poirepourri the Gusty (Tengu Air Elementalist)      Turns: 3069, Time: 00:05:01

Health: -2/24      AC:  2    Str:  8    XL:     4   Next: 67%
Magic:  0/9        EV: 13    Int: 16    God:
Gold:   105        SH:  0    Dex: 15    Spells: 4 memorised, 0 levels left

rFire  . . .     SeeInvis .     g - +0 short sword
rCold  . . .     Gourm    .     a - +0 robe
rNeg   . . .     Faith    .     (no shield)
rPois  .         Spirit   .     (helmet restricted)
rElec  .         Dismiss  .     (no cloak)
rCorr  .         Reflect  .     (no gloves)
SustAt +         Harm     .     (boots unavailable)
MR     .....                    (no amulet)
Stlth  ++........               (no ring)
                                d - ring of sustain attributes

@: not resistant to hostile enchantments, unstealthy
A: beak, talons 3
a: no special abilities


You were on level 3 of the Dungeon.
You were not hungry.

You visited 1 branch of the dungeon, and saw 3 of its levels.

You collected 105 gold pieces.

Inventory:

Hand Weapons
 g - a +0 short sword (weapon)
Armour
 a - a +0 robe (worn)
Jewellery
 d - a ring of sustain attributes (left hand)
Wands
 f - a wand of heal wounds (5/9)
Scrolls
 e - a scroll of noise {unknown}
Books
 b - a book of Air

   Spells                             Type                      Level
   a - Shock                          Conjuration/Air              1
   b - Swiftness                      Charms/Air                   2
   c - Repel Missiles                 Charms/Air                   2
   d - Static Discharge               Conjuration/Air              3
   e - Lightning Bolt                 Conjuration/Air              5
Comestibles
 c - 2 bread rations
 h - a beef jerky


   Skills:
 + Level 2.7 Dodging
 + Level 2.3 Stealth
 + Level 2.7 Spellcasting
 + Level 2.3 Conjurations
 + Level 5.4 Air Magic


You couldn't memorise any spells.
You knew the following spells:

 Your Spells              Type           Power        Failure   Level  Hunger
a - Shock                 Conj/Air       ##..         4%          1    #......
b - Swiftness             Chrm/Air       ##......     12%         2    ##.....
c - Repel Missiles        Chrm/Air       ##....       12%         2    ##.....
d - Static Discharge      Conj/Air       ##......     12%         3    ###....


Dungeon Overview and Level Annotations

Branches:
Dungeon (3/15)

Altars:
Gozag


Innate Abilities, Weirdness & Mutations

You have a beak for a mouth.
You have claws for feet.


Message History

The adder zombie misses you.
There is a stone staircase leading up, spattered with blood here.
Casting: Shock
Confirm with . or Enter, or press ? or * to list all spells.
The adder zombie is struck by lightning.
You destroy the adder zombie!
The lightning arcs!
You are struck by lightning.
The lightning grounds out.
The worm barely misses you.
Casting: Static Discharge
Confirm with . or Enter, or press ? or * to list all spells.
The worm is struck by lightning.
The worm is moderately wounded.
The lightning arcs!
You are struck by lightning.
The lightning grounds out.
Casting: Static Discharge
Confirm with . or Enter, or press ? or * to list all spells.
The worm is struck by lightning.
The worm is heavily wounded.
The lightning arcs!
You are struck by lightning.
The lightning grounds out.
The worm bites you!
You die...

# #..
#....######
.......@..#
.......w...#
............#
.........>.....
..............#
.............##
.........P...#
............P#


You could see a worm.

Vanquished Creatures
  5 adders (D:2)
  An ooze (D:1)
  An adder zombie (D:3)
  A worm (D:2)
  A giant gecko (D:1)
  5 bats
  2 giant cockroaches (D:1)
  2 goblins
  2 hobgoblins
  8 jackals (D:1)
  3 giant newts
  6 kobolds
  7 rats
44 creatures vanquished.

Notes
Turn   | Place    | Note
--------------------------------------------------------------
     0 | D:1      | poirepourri the Tengu Air Elementalist began the quest for the Orb.
     0 | D:1      | Reached XP level 1. HP: 10/10 MP: 4/4
   319 | D:1      | Reached XP level 2. HP: 15/15 MP: 3/6
   439 | D:1      | Learned a level 2 spell: Swiftness
   958 | D:1      | Learned a level 2 spell: Repel Missiles
  1045 | D:1      | Reached XP level 3. HP: 17/19 MP: 0/7
  1716 | D:2      | Reached skill level 5 in Air Magic
  1834 | D:2      | Found an opulent altar of Gozag.
  2087 | D:2      | Reached XP level 4. HP: 18/24 MP: 3/8
  2642 | D:2      | Learned a level 3 spell: Static Discharge
  3069 | D:3      | Slain by a worm

Vault maps used:
D:1:      dpeg_arrival_prison, grunt_decor_arrowhead, roderic_lattice_a
D:2:      grunt_gozag_statues, first_bread
D:3:      serial_undead, serial_undead_c, serial_undead_a, serial_undead_e,
          serial_undead_b, serial_undead_b, serial_undead_e

Action                   |  1- 3 |  4- 6 || total
-------------------------+-------+-------++-------
Melee: Short sword       |    20 |    13 ||    33
 Cast: Shock             |    61 |    39 ||   100
       Static Discharge  |       |     5 ||     5
  Use: Scroll            |     3 |       ||     3
       Potion            |       |     3 ||     3
  Eat: Bread ration      |     1 |     1 ||     2
